 Dungeon Crawl Stone Soup version 0.28-a0-932-g843f935a50 (webtiles) character file.

Game seed: 3400952728776311427

1316047 AarnesTheHuman the Slayer (level 26, 233/233 HPs)
             Began as a Demonspawn Gladiator on Nov 26, 2021.
             Was the Champion of Fedhas.
             Escaped with the Orb
             ... and 3 runes on Nov 27, 2021!
             The game lasted 05:48:15 (124251 turns).

AarnesTheHuman the Slayer (Demonspawn Gladiator)  Turns: 124251, Time: 05:48:16

Health: 233/233    AC: 47    Str: 34    XL:     26   Next: 55%
Magic:  34/34      EV:  8    Int: 13    God:    Fedhas [******]
Gold:   7998       SH: 37    Dex: 17    Spells: 25/25 levels left

rFire   + + +      SeeInvis +   a - +9 demon trident (elec)
rCold   + . .      Faith    .   o - +18 shield of the Gong {rElec rN+ Will+ EV-5}
rNeg    + . .      Spirit   .   A - +3 crystal plate armour {rC+}
rPois   .          Reflect  +   T - +2 helmet of the Seven Stories {rCorr Str+9}
rElec   +          Harm     .   (cloak unavailable)
rCorr   +          Rampage  .   X - +0 pair of gloves of the Journeyman {rF+ Str+2}
Will    +++++                   b - +0 pair of boots
Stlth   ..........              n - amulet of Sloth {Reflect Fragile rF- Slay+4 SH+5 SInv}
HPRegen 0.48/turn               I - ring "Tuv Leohezia" {rElec rF++ Will+ AC+4}
MPRegen 0.24/turn               m - ring of flight

@: flying, studying Translocations
A: molten scales 3, hurl damnation, ignite blood 3, spiny 3, torment resistance
1, demonic willpower, weakness stinger 3, clever 1, low mp 1, strong-willed 1,
evolution 1
0: Orb of Zot
}: 3/15 runes: barnacled, silver, gossamer
a: Hurl Damnation, Renounce Religion, Wall of Briars, Grow Ballistomycete,
Overgrow, Grow Oklob


You escaped.
You worshipped Fedhas.
Fedhas was exalted by your worship.
You visited 11 branches of the dungeon, and saw 50 of its levels.
You also visited: Bailey, Ice Cave and Wizlab.

You collected 10701 gold pieces.
You spent 2703 gold pieces at shops.

Inventory:

Hand Weapons
 a - a +9 demon trident of electrocution (weapon)
Missiles
 c - 10 atropa-tipped darts
 d - 15 throwing nets
 i - 16 silver javelins
 k - 151 poisoned darts
 t - 16 curare-tipped darts
 u - 9 silver boomerangs
 z - 5 boomerangs (quivered)
 L - 5 javelins
Armour
 b - a +0 pair of boots (worn)
 j - the +1 pair of gloves of Baang {Will++ MP+9 Str+3 Int-4}
   (You found it on level 5 of the Vaults)

   Str:       It affects your strength (+3).
   Int:       It affects your intelligence (-4).
   MP:        It affects your magic capacity (+9).
   Will:      It greatly increases your willpower.
 o - the +18 shield of the Gong (worn) {rElec rN+ Will+ EV-5}
   (You acquired it in a wizard's laboratory)

   It is deafeningly noisy when blocking attacks.
   EV:        It affects your evasion (-5).
   rElec:     It insulates you from electricity.
   rN:        It protects you from negative energy.
   Will:      It increases your willpower.
 A - a +3 crystal plate armour of cold resistance (worn)
 M - the +15 crystal plate armour of the Flute {rN+}
   (You found it on level 4 of the Shoals)

   rN:        It protects you from negative energy.
 T - the +2 helmet of the Seven Stories (worn) {rCorr Str+9}
   (You acquired it on level 1 of the Lair of Beasts)

   Str:       It affects your strength (+9).
   rCorr:     It protects you from acid and corrosion.
 X - the +0 pair of gloves of the Journeyman (worn) {rF+ Str+2}
   (You found it on level 1 of the Spider Nest)

   Str:       It affects your strength (+2).
   rF:        It protects you from fire.
Jewellery
 m - a ring of flight (right hand)
 n - the amulet of Sloth (around neck) {Reflect Fragile rF- Slay+4 SH+5 SInv}
   (You bought it in a shop on level 3 of the Shoals)

   [amulet of reflection]

   It reflects blocked missile attacks.
   Slay:      It affects your accuracy & damage with ranged weapons and melee
   (+4).
   rF:        It makes you vulnerable to fire.
   SInv:      It lets you see invisible.
   Fragile:   It will be destroyed if unequipped.
   SH:        It affects your SH (+5).
 B - the ring of Jealousy {rPois rC- Will+ Slay+3}
   (You bought it in a shop on level 2 of the Orcish Mines)

   [ring of willpower]

   Slay:      It affects your accuracy & damage with ranged weapons and melee
   (+3).
   rC:        It makes you vulnerable to cold.
   rPois:     It protects you from poison.
   Will:      It increases your willpower.
 C - a ring of poison resistance
 I - the ring "Tuv Leohezia" (left hand) {rElec rF++ Will+ AC+4}
   (You took it off a deep elf high priest on level 3 of the Elven Halls)

   [ring of protection]

   AC:        It affects your AC (+4).
   rF:        It greatly protects you from fire.
   rElec:     It insulates you from electricity.
   Will:      It increases your willpower.
 N - a ring of protection from fire
 O - the ring of Ephemeral Luck {rElec rC+}
   (You found it on level 5 of the Vaults)

   [ring of protection from cold]

   rC:        It protects you from cold.
   rElec:     It insulates you from electricity.
 R - a +4 ring of slaying
 Y - the ring "Gicid" {Fire +Blink rN+}
   (You found it in a wizard's laboratory)

   [ring of fire]

   It enhances your fire magic.
   rF:        It protects you from fire.
   rC:        It makes you vulnerable to cold.
   rN:        It protects you from negative energy.
   +Blink:    It lets you blink.
Wands
 e - a wand of digging (18)
 x - a wand of acid (14)
 y - a wand of iceblast (68)
 Q - a wand of flame (198)
Scrolls
 g - 11 scrolls of fog
 l - 2 scrolls of summoning
 D - 17 scrolls of teleportation
 H - 4 scrolls of silence
 W - 3 scrolls of blinking
Potions
 f - 15 potions of heal wounds
 p - 8 potions of brilliance
 q - 15 potions of flight
 r - 5 potions of cancellation
 s - 5 potions of resistance
 v - 8 potions of ambrosia
 w - 20 potions of curing
 E - 12 potions of lignification
 F - 5 potions of haste
 J - 4 potions of magic
 K - 6 potions of invisibility
 P - 2 potions of berserk rage
 S - 3 potions of mutation
 U - 4 potions of might
Miscellaneous
 V - a phantom mirror


   Skills:
 + Level 24.6 Fighting
 - Level 2.6 Long Blades
 - Level 14.0 Polearms
 - Level 0.3 Crossbows
 * Level 18.7 Throwing
 + Level 22.1 Armour
 - Level 10.0 Dodging
 - Level 15.0 Shields
 - Level 22.9 Invocations


You had 25 spell levels left.
You didn't know any spells.
Your spell library contained the following spells:

 Spells                   Type           Power      Damage    Failure   Level
 Apportation              Tloc           0%         N/A       90%         1
 Foxfire                  Conj/Fire      0%         2x1d4     90%         1
 Magic Dart               Conj           0%         1d3       90%         1
 Slow                     Hex            0%         N/A       90%         1
 Sting                    Tmut/Pois      0%         1d3       90%         1
 Blink                    Tloc           0%         N/A       97%         2
 Call Imp                 Summ           0%         N/A       97%         2
 Ensorcelled Hibernation  Hex/Ice        0%         N/A       97%         2
 Passwall                 Tmut/Erth      0%         N/A       97%         2
 Poisonous Vapours        Pois/Air       0%         N/A       97%         2
 Scorch                   Fire           0%         2d5       97%         2
 Searing Ray              Conj           0%         2d4       97%         2
 Static Discharge         Conj/Air       0%         N/A       97%         2
 Sublimation of Blood     Necr           0%         N/A       97%         2
 Call Canine Familiar     Summ           0%         N/A       99%         3
 Confusing Touch          Hex            0%         N/A       99%         3
 Conjure Flame            Conj/Fire      0%         6-21      99%         3
 Dazzling Flash           Conj/Hex       0%         N/A       99%         3
 Ignite Poison            Fire/Tmut/Pois 0%         N/A       99%         3
 Inner Flame              Hex/Fire       0%         N/A       99%         3
 Lesser Beckoning         Tloc           0%         N/A       99%         3
 Mephitic Cloud           Conj/Pois/Air  0%         N/A       99%         3
 Ozocubu's Armour         Ice            0%         N/A       99%         3
 Portal Projectile        Hex/Tloc       0%         N/A       99%         3
 Stone Arrow              Conj/Erth      0%         3d7       99%         3
 Summon Guardian Golem    Hex/Summ       0%         N/A       99%         3
 Swiftness                Air            0%         N/A       99%         3
 Tukima's Dance           Hex            0%         N/A       99%         3
 Vampiric Draining        Necr           0%         2d6       99%         3
 Airstrike                Air            0%         N/A       100%        4
 Animate Armour           Summ/Erth      0%         N/A       100%        4
 Animate Dead             Necr           0%         N/A       100%        4
 Cause Fear               Hex            0%         N/A       100%        4
 Flame Wave               Conj/Fire      0%         3d3       100%        4
 Fulminant Prism          Conj/Hex       0%         3d6       100%        4
 Iskenderun's Mystic Bla  Conj/Tloc      0%         2d3       100%        4
 Leda's Liquefaction      Hex/Erth       0%         N/A       100%        4
 Olgreb's Toxic Radiance  Pois           0%         N/A       100%        4
 Petrify                  Tmut/Erth      0%         N/A       100%        4
 Sticky Flame             Conj/Fire      0%         2d3       100%        4
 Summon Ice Beast         Ice/Summ       0%         N/A       100%        4
 Summon Lightning Spire   Summ/Air       0%         N/A       100%        4
 Alistair's Intoxication  Tmut/Pois      0%         N/A       100%        5
 Borgnjor's Vile Clutch   Necr/Erth      0%         N/A       100%        5
 Fireball                 Conj/Fire      0%         3d3       100%        5
 Freezing Cloud           Conj/Ice/Air   0%         6-21      100%        5
 Irradiate                Conj/Tmut      0%         3d14      100%        5
 Iskenderun's Battlesphe  Conj           0%         2d6       100%        5
 Lee's Rapid Deconstruct  Erth           0%         3d5*      100%        5
 Lightning Bolt           Conj/Air       0%         1d11      100%        5
 Manifold Assault         Tloc           0%         N/A       100%        5
 Metabolic Englaciation   Hex/Ice        0%         N/A       100%        5
 Silence                  Hex/Air        0%         N/A       100%        5
 Summon Forest            Summ/Tloc      0%         N/A       100%        5
 Summon Mana Viper        Hex/Summ       0%         N/A       100%        5
 Conjure Ball Lightning   Conj/Air       0%         3x3d6     100%        6
 Death Channel            Necr           0%         N/A       100%        6
 Iron Shot                Conj/Erth      0%         9d1       100%        6
 Starburst                Conj/Fire      0%         6d3       100%        6
 Statue Form              Tmut/Erth      0%         N/A       100%        6
 Summon Cactus Giant      Summ           0%         N/A       100%        6
 Dragon Form              Tmut           0%         N/A       100%        7
 Monstrous Menagerie      Summ           0%         N/A       100%        7
 Orb of Destruction       Conj           0%         N/A       100%        7
 Ozocubu's Refrigeration  Ice            0%         4d5       100%        7
 Spellforged Servitor     Conj/Summ      0%         N/A       100%        7
 Ignition                 Fire           0%         3d3       100%        8
 Lehudib's Crystal Spear  Conj/Erth      0%         10d2      100%        8
 Maxwell's Capacitive Co  Air            0%         ∞         100%        8
 Dragon's Call            Summ           0%         N/A       100%        9
 Fire Storm               Conj/Fire      0%         5d1       100%        9


Dungeon Overview and Level Annotations

Branches:
Dungeon (15/15)            Temple (1/1) D:7            Lair (6/6) D:8
 Shoals (4/4) Lair:3       Spider (4/4) Lair:4        Slime (0/5) Lair:5
    Orc (2/2) D:11            Elf (3/3) Orc:2        Vaults (5/5) D:13
  Crypt (1/3) Vaults:2     Depths (4/4) D:15            Zot (5/5) Depths:4
 Bailey (visited)           IceCv (visited)          WizLab (visited)

Altars:
Ashenzari
Cheibriados
Dithmenos
Elyvilon
Fedhas
Gozag
Hepliaklqana
Kikubaaqudgha
Makhleb
Nemelex Xobeh
Okawaru
Qazlal
Ru
Sif Muna
Trog
Uskayaw
Vehumet
Wu Jian
Xom
Yredelemnul
Zin
The Shining One
Beogh
Jiyva
Lugonu

Shops:
D:5 :   D:8 *   D:9 *   D:11 (   Orc:1 *   Orc:2 =*[:(   Elf:1 [   Elf:2 =::
Elf:3 [   Shoals:3 ([**   Vaults:2 (   Vaults:3 !   Depths:1 (

Portals:
Hell: Depths:1 Depths:2 Depths:3 Depths:4
Abyss: Lair:6 Depths:2 Depths:3
Pandemonium: Depths:2 Depths:4
Ziggurat: Depths:3

Annotations:
D:6 2 transporters, 3 runed translucent doors, exclusion: 3 doors, Avanven's ghost, novice VSBe; MacCMillion's ghost, novice GrEE; kirsanium's ghost, novice DjFE
Lair:6 1 exclusion
Shoals:1 3 runed translucent doors, exclusion: 3 doors
Shoals:3 1 runed translucent door, exclusion: door, Canup's ghost, adept DgEE
Spider:4 exclusion: 2 doors
Elf:1 exclusion: downstairs
Elf:2 5 runed translucent doors, exclusions: 5 doors and 1 more exclusion
Elf:3 1 runed translucent door, exclusion: door, Pual's ghost, veteran FoFi
Depths:1 1 runed translucent door, exclusion: door
Depths:2 3 runed translucent doors, exclusion: 3 doors, Onnuy's ghost, veteran DsBe
Depths:3 exclusions: floating eye, great orb of eyes, shining eye and 1 more exclusion


Innate Abilities, Weirdness & Mutations

You are completely covered in molten scales. (AC +4, rF+)
You can hurl damnation.
Your demonic aura causes all spilled blood to erupt in flames.
You are completely covered in sharp spines.
You are resistant to unholy torment.
You punish those that try to bend your will. (Will+)
You have a sharp stinger which inflicts weakening toxins.
Your mind is acute. (Int +2)
Your magical capacity is low. (-10% MP)
You are strong-willed. (Will+)
You have hidden genetic potential.


Message History

Throw: 17 javelins (silver)
Press: ? - help, Shift-Dir - straight line, f - cacodemon
Aim: a cacodemon (severely wounded, 78% to hit, chaotic)
You throw a silver javelin.
The silver javelin pierces through the cacodemon!!
The silver sears the cacodemon!
You kill the cacodemon!
Fedhas accepts your kill.
(D) Dungeon (T) Temple (L) Lair (A) Shoals (N) Spider Nest (M) Slime Pits (O) Orcish Mines (E) Elven Halls (V) Vaults (C) Crypt (U) Depths (H) Hell (Z) Zot
Where to? (Enter - D:1, ? - help)
There is an escape hatch in the ceiling here.
A mysterious force pulls you upwards. The hatch slams shut behind you.
There is a stone staircase leading up here.
You fly upwards.
There is a stone staircase leading down here.
A red devil comes into view. It is wielding a +0 trident.
You reach to attack!
Your crystal plate armour prevents you from hitting the red devil.
You reach to attack!
You puncture the red devil!
The red devil is heavily wounded.
You reach to attack!
You puncture the red devil!
The red devil is severely wounded.
You block the red devil's attack.
GONNNNG!
You reach to attack!
You closely miss the red devil.
The red devil is severely wounded.
You reach to attack!
Your crystal plate armour prevents you from hitting the red devil.
The red devil is severely wounded.
You block the red devil's attack.
BOUMMMMG!
You reach to attack!
You impale the red devil!!
You kill the red devil!
Fedhas accepts your kill.
There is an open door here.
There is a staircase leading out of the dungeon here.
You have escaped!

..# #.'.........###.........'.
..# ###..####.### ###.####..#.
#.# #.#.###.# #.###.#.#. #.#
#.##.#.## ##.#.##.#.
#.########.###.## ##.###.#.
#.#....).#.##.#.## ##.#.##.#.
..#......#.#.###.# #.###.#.#.
.........#..####.### ###.####..#.
....####.'......@..###.........'.
....# ####.####.##.#.##.####.##.
....# ##.###.###.###.###.###.
....# ##.##.##.#.##.##.## #.
....####### ##.#.#.###.#.#.#####.
..........# ##...#####...###....
.......##.# ##.........## #.##.
##.###.##.######'#######+####.##.
#.# #.##........................


There were no monsters in sight!

Vanquished Creatures
  3 dread liches (Zot:5)
  2 ancient liches
  6 orbs of fire
  Mennas (Depths:4)
  8 juggernauts
  7 Killer Klowns (Zot:5)
  Margery (Vaults:5)
  A shard shrike (IceCv)
  2 curse toes (Zot:2)
  5 caustic shrikes (Depths:4)
  10 golden dragons
  the Enchantress (Depths:2)
  Arachne (Spider:3)
  Mlioglotl (Shoals:3)
  3 electric golems
  28 Orb Guardians
  2 walking crystal tomes
  14 tentacled monstrosities
  2 walking earthen tomes
  3 liches
  2 deep elf blademasters (Elf:3)
  6 quicksilver dragons
  Asterion (Spider:1)
  8 titans
  2 deep elf master archers (Elf:3)
  2 walking divine tomes (Depths:4)
  7 death cobs
  A kraken (Shoals:2)
  3 walking frostbound tomes
  6 sphinxes
  7 tengu reavers
  An azure jelly (shapeshifter) (Depths:4)
  5 shadow dragons
  6 storm dragons
  3 draconian knights
  16 fire giants
  4 deep elf sorcerers (Elf:3)
  A fenstrider witch (Shoals:2)
  5 draconian monks
  3 emperor scorpions
  2 cacodemons (D:3)
  2 iron dragons (Depths:4)
  5 orc warlords
  7 frost giants
  16 vault wardens
  A draconian stormcaller (Zot:1)
  8 draconian scorchers
  2 draconian shifters
  5 draconian annihilators
  5 ghost moths
  6 deep elf elementalists (Elf:3)
  5 spriggan defenders
  A reaper (Zot:5)
  5 war gargoyles
  18 ironbound preservers
  12 stone giants
  27 very ugly things
  14 green draconians
  5 deep elf demonologists
  5 black draconians
  16 dire elephants
  8 deep elf annihilators
  10 white draconians
  22 red draconians
  4 yellow draconians
  A lorocyproca (Depths:2)
  6 spark wasps
  7 purple draconians
  4 minotaurs
  An entropy weaver (Spider:2)
  An eidolon (Crypt:1)
  An ettin (shapeshifter) (Vaults:4)
  9 deep elf death magi (Elf:3)
  2 merfolk javelineers
  2 crystal guardians
  17 ettins
  17 yaktaur captains
  3 merfolk impalers
  Josephine (D:12)
  4 deep elf high priests
  14 great orbs of eyes
  17 fire dragons
  8 ironbound thunderhulks
  2 salamander tyrants (WizLab)
  12 ice dragons
  Harold (Orc:1)
  8 peacekeepers
  3 rakshasas
  8 boulder beetles
  14 hydras
  46 vault guards
  4 merfolk aquamancers
  2 ogre magi (Vaults:5)
  3 spriggan air magi
  A hell beast (D:5)
  10 ironbound frosthearts
  5 death knights
  8 centaur warriors
  An alligator snapping turtle (Shoals:4)
  4 two-headed ogres
  9 death yaks
  14 satyrs
  15 dancing weapons
  3 tengu warriors
  5 vampire magi
  7 deep troll earth magi
  Urug (Lair:3)
  3 thrashing horrors (Lair:6)
  11 deep elf knights
  7 deep troll shamans
  A sun demon (D:14)
  4 orc high priests (Orc:2)
  13 hell knights
  4 spriggan berserkers
  Sonja (Lair:5)
  A fire crab (D:15)
  Nergalle (Lair:4)
  4 iron trolls
  2 sixfirhies
  9 sea snakes
  2 skeletal warriors
  4 flayed ghosts
  A spriggan druid (Elf:2)
  An orange crystal statue (IceCv)
  39 deep trolls
  8 orc knights
  A glowing orange brain (Depths:4)
  3 necromancers
  17 deep elf archers
  16 wizards
  Pikel (D:6)
  17 harpies
  5 phantasmal warriors
  17 ironbound convokers
  18 orb spiders
  26 deep elf pyromancers
  33 deep elf zephyrmancers
  6 lindwurms
  An iron dragon zombie (Depths:2)
  A shining eye (shapeshifter) (Depths:2)
  26 wolf spiders
  29 manticores
  6 orc sorcerers
  56 ugly things
  6 cyclopes
  14 fauns
  2 salamanders (WizLab)
  22 moths of wrath
  6 merfolk sirens
  21 elephants
  5 black mambas
  Maurice (Orc:1)
  5 smoke demons
  A black mamba (shapeshifter) (Vaults:5)
  2 rust devils (Depths:2)
  3 torpor snails
  10 water nymphs
  6 gargoyles (WizLab)
  9 apocalypse crabs (Zot:2)
  A guardian serpent (shapeshifter) (Elf:1)
  18 vault sentinels
  6 cane toads
  An efreet (Zot:4)
  36 yaktaurs
  3 molten gargoyles (WizLab)
  22 rime drakes
  4 orange demons
  6 komodo dragons
  7 freezing wraiths
  Psyche (D:11)
  A hellion (Zot:5)
  2 ice devils
  A tengu conjurer (Depths:1)
  10 demonic crawlers
  A spriggan zombie (Depths:2)
  2 ancient zymes (Lair:6)
  A jumping spider (shapeshifter) (Lair:6)
  5 wind drakes
  A red devil (D:1)
  7 trolls
  32 merfolk
  11 hornets
  22 jumping spiders
  A meliai (shapeshifter) (Lair:6)
  22 polar bears
  22 blink frogs
  38 slime creatures
  6 snapping turtles
  19 dream sheep
  A large abomination (Lair:6)
  Sigmund (D:2)
  An air elemental (Elf:2)
  36 yaks
  3 spriggans
  14 water elementals
  64 redbacks
  A fire bat (shapeshifter) (Depths:4)
  9 wraiths
  21 fire elementals
  33 tarantellas
  9 small abominations (Lair:6)
  A chaos spawn (Depths:2)
  2 wyverns
  7 wargs
  6 vampire mosquitoes
  4 basilisks
  Menkaure (D:7)
  Edmund (D:5)
  An acid dragon (D:10)
  Duvessa (D:4)
  17 water moccasins
  2 floating eyes (Depths:4)
  5 hell hounds (Elf:3)
  2 ice beasts
  2 sky beasts
  41 orc warriors
  A black bear (shapeshifter) (Lair:6)
  2 black bears
  12 wolves
  3 boggarts (Vaults:1)
  A necrophage (D:8)
  3 ogres
  A wolf (shapeshifter) (Lair:6)
  15 centaurs
  3 phantoms
  A felid (Depths:2)
  A kobold brigand (D:11)
  4 bullfrogs
  2 earth elementals
  4 scorpions
  2 gnoll sergeants
  A water moccasin skeleton (D:4)
  Dowan (D:4)
  14 wights
  4 electric eels
  5 howler monkeys
  3 centaur zombies
  2 jellies
  A gnoll shaman (D:8)
  27 orc priests
  2 hounds
  A bullfrog skeleton (D:5)
  4 iguanas (D:5)
  35 orc wizards
  A hell rat (Elf:3)
  2 lightning spires (WizLab)
  A howler monkey zombie (D:9)
  9 adders
  21 gnolls
  2 white imps
  A worm (D:2)
  2 dart slugs
  107 orcs
  5 endoplasms
  4 giant cockroaches
  8 hobgoblins
  5 quokkas
  6 ball pythons
  5 bats
  4 frilled lizards
  10 goblins
  29 kobolds
  7 rats
  A butterfly (D:4)
  A tentacle (Shoals:2)
2191 creatures vanquished.

Vanquished Creatures (collateral kills)
  An orb of fire (Zot:5)
  A titan (Depths:3)
  An orc warlord (Bailey)
  2 emperor scorpions (Spider:4)
  A green draconian (Zot:4)
  An entropy weaver (Spider:1)
  A crystal guardian (Vaults:1)
  A boulder beetle (Spider:2)
  3 ironbound frosthearts (IceCv)
  An orb spider (Spider:1)
  A wolf spider (Spider:3)
  An ugly thing (IceCv)
  An apocalypse crab (Zot:2)
  2 tormentors (D:12)
  2 jumping spiders (Spider:1)
  A hornet (Spider:4)
  2 redbacks
  An orc (D:6)
  A goblin (Bailey)
  A hobgoblin (Bailey)
  17 ballistomycete spores
43 creatures vanquished.

Vanquished Creatures (others)
  A curse toe (Zot:2)
  2 manticores
  A deep elf pyromancer (Elf:1)
  A moth of wrath (Zot:4)
  An unseen horror (shapeshifter) (D:15)
  A polar bear (IceCv)
  A redback (Spider:4)
  2 ballistomycete spores
  A bush (Lair:5)
  57 fungi
  81 plants
  3 tentacles (Shoals:2)
  4 withered plants (D:6)
156 creatures vanquished.

Grand Total: 2390 creatures vanquished

Notes
Turn   | Place    | Note
-------+----------+-------------------------------------------
     0 | D:1      | AarnesTheHuman the Demonspawn Gladiator began the quest for
                  | the Orb.
     0 | D:1      | Reached XP level 1. HP: 16/16 MP: 1/1
   301 | D:1      | Gained mutation: Your demonic aura sometimes causes spilled
                  | blood to erupt in flames. [demonic ancestry]
   301 | D:1      | Reached XP level 2. HP: 12/22 MP: 2/2
  1332 | D:2      | Reached skill level 1 in Armour
  1400 | D:2      | Noticed Sigmund
  1826 | D:2      | Reached XP level 3. HP: 28/28 MP: 3/3
  1930 | D:3      | Reached skill level 3 in Fighting
  1930 | D:3      | Gained mutation: Your demonic aura often causes spilled
                  | blood to erupt in flames. [demonic ancestry]
  1930 | D:3      | Reached XP level 4. HP: 33/35 MP: 4/4
  2253 | D:3      | Gained mutation: You have a small tail. [demonic ancestry]
  2253 | D:3      | Reached XP level 5. HP: 31/41 MP: 5/5
  2612 | D:3      | Found a faded altar of an unknown god.
  3482 | D:4      | Gained mutation: You are partially covered in molten
                  | scales. (AC +2) [demonic ancestry]
  3482 | D:4      | Reached XP level 6. HP: 35/48 MP: 6/6
  3778 | D:4      | Found a shimmering altar of Xom.
  4730 | D:4      | Noticed Dowan
  4802 | D:4      | Killed Dowan
  4803 | D:4      | Reached skill level 4 in Fighting
  5058 | D:4      | Noticed Duvessa
  5074 | D:4      | Killed Duvessa
  5075 | D:4      | Reached XP level 7. HP: 30/54 MP: 7/7
  5758 | D:5      | Entered Level 5 of the Dungeon
  5758 | D:5      | Found Quph's Book Shoppe.
  6674 | D:5      | Found an iron altar of Okawaru.
  7004 | D:5      | Reached skill level 5 in Fighting
  7004 | D:5      | Reached skill level 5 in Dodging
  7004 | D:5      | Reached XP level 8. HP: 55/62 MP: 8/8
  7196 | D:5      | Noticed Edmund
  7227 | D:5      | Killed Edmund
  7768 | D:6      | Found a transporter.
  7794 | D:6      | Found a transporter.
  7797 | D:6      | Noticed Pikel
  7808 | D:6      | Killed Pikel
  7809 | D:6      | Reached skill level 6 in Fighting
  7809 | D:6      | Reached skill level 5 in Throwing
  7820 | D:6      | Noticed a two-headed ogre
  7834 | D:6      | Killed a two-headed ogre
  7835 | D:6      | Reached skill level 5 in Armour
  7835 | D:6      | Gained mutation: You are mostly covered in molten scales.
                  | (AC +3) [demonic ancestry]
  7835 | D:6      | Reached XP level 9. HP: 59/71 MP: 9/9
  8165 | D:6      | Found a runed translucent gate.
  8166 | D:6      | Found a runed translucent gate.
  8166 | D:6      | Found a runed translucent gate.
  8167 | D:6      | Noticed kirsanium's ghost (novice DjFE)
  8168 | D:6      | Noticed MacCMillion's ghost (novice GrEE)
  8168 | D:6      | Noticed Avanven's ghost (novice VSBe)
  8276 | D:6      | Reached skill level 1 in Polearms
  8743 | D:7      | Reached skill level 7 in Fighting
  9187 | D:7      | Found a staircase to the Ecumenical Temple.
  9208 | Temple   | Entered the Ecumenical Temple
  9281 | Temple   | Became a worshipper of Fedhas Madash
  9507 | D:7      | Noticed Menkaure
  9513 | D:7      | Killed Menkaure
  9516 | D:7      | Reached skill level 1 in Invocations
  9741 | D:7      | Reached XP level 10. HP: 67/79 MP: 10/10
 10052 | D:7      | Reached * piety under Fedhas
 10074 | D:7      | You fall into a shaft and drop 1 floor!
 10607 | D:8      | Found Enethorchiu's Elemental Accessories.
 10627 | D:8      | Noticed a death yak
 10628 | D:8      | Noticed a death yak
 10629 | D:8      | Noticed a death yak
 10730 | D:7      | Killed a death yak
 10949 | D:8      | Noticed a death yak
 11038 | D:7      | Killed a death yak
 11039 | D:7      | Reached skill level 8 in Fighting
 11318 | D:7      | Killed a death yak
 11611 | D:8      | Noticed a death yak
 11633 | D:8      | Killed a death yak
 11647 | D:7      | Killed a death yak
 11648 | D:7      | Reached skill level 5 in Invocations
 11793 | D:8      | Reached XP level 11. HP: 82/87 MP: 14/14
 12016 | D:8      | Found a staircase to the Lair.
 12032 | D:8      | Noticed a centaur warrior
 12043 | D:8      | Killed a centaur warrior
 12296 | D:8      | Found a shimmering blue altar of Sif Muna.
 12305 | D:8      | Noticed a two-headed ogre
 12317 | D:8      | Killed a two-headed ogre
 12317 | D:8      | Reached ** piety under Fedhas
 12318 | D:8      | Reached skill level 5 in Polearms
 12828 | D:9      | Noticed a centaur warrior
 12830 | D:9      | Killed a centaur warrior
 12831 | D:9      | Reached skill level 9 in Fighting
 12983 | D:9      | Found a shadowy altar of Dithmenos.
 13061 | D:9      | Noticed a two-headed ogre
 13076 | D:9      | Killed a two-headed ogre
 13405 | D:9      | Noticed a +0 dagger
 13406 | D:9      | Noticed a +0 dagger
 13532 | D:9      | Found a hide-covered altar of Uskayaw.
 13723 | D:9      | Found Uklasch's General Store.
 14083 | D:9      | Found an ancient bone altar of Kikubaaqudgha.
 14123 | D:10     | Entered Level 10 of the Dungeon
 14336 | D:10     | Identified a scroll of acquirement
 14336 | D:10     | Acquired the +2 pair of gloves "Setaduir" {Regen+ SInv}
 14577 | D:10     | Reached skill level 1 in Shields
 14799 | D:10     | Found a bloodstained altar of Trog.
 15678 | Lair:1   | Entered Level 1 of the Lair of Beasts
 16051 | Lair:1   | Reached *** piety under Fedhas
 16429 | Lair:1   | Acquired the +2 helmet of the Seven Stories {rCorr Str+9}
 17498 | Lair:2   | Gained mutation: You have a tail ending in a sharp stinger.
                  | [demonic ancestry]
 17498 | Lair:2   | Reached XP level 12. HP: 97/97 MP: 12/17
 18219 | Lair:2   | Reached skill level 10 in Fighting
 18787 | Lair:3   | Identified the +5 ring mail of Seydgh {rN+ Str+3}
 18906 | Lair:3   | Noticed Urug
 18923 | Lair:3   | Killed Urug
 19337 | Lair:3   | Found a staircase to the Shoals.
 19493 | Lair:4   | Noticed Nergalle
 19498 | Lair:4   | Killed Nergalle
 19521 | Lair:4   | Noticed a four-headed hydra
 19524 | Lair:4   | Killed a four-headed hydra
 19820 | Lair:4   | Found a hole to the Spider Nest.
 19896 | Lair:4   | Reached **** piety under Fedhas
 19908 | Lair:3   | Reached skill level 10 in Invocations
 20023 | Lair:4   | Noticed a four-headed hydra
 20027 | Lair:4   | Killed a four-headed hydra
 20030 | Lair:4   | Reached skill level 11 in Fighting
 20030 | Lair:4   | Gained mutation: You have a sharp stinger which inflicts
                  | weakening toxins. [demonic ancestry]
 20030 | Lair:4   | Reached XP level 13. HP: 95/106 MP: 20/20
 21045 | Lair:5   | Reached skill level 10 in Armour
 21272 | Lair:5   | Noticed Sonja
 21280 | Lair:5   | Killed Sonja
 21724 | Lair:5   | Found the +8 whip "Snakebite" {venom, curare, rPois}
 22020 | Lair:5   | Found a staircase to the Slime Pits.
 22021 | Lair:5   | Found a viscous altar of Jiyva.
 22226 | Lair:6   | Entered Level 6 of the Lair of Beasts
 22547 | Lair:5   | Reached skill level 12 in Fighting
 22719 | Lair:6   | Identified the +0 hat of Defence {-Tele rElec rN+}
 22999 | Lair:6   | Found a broken altar of Ashenzari.
 23094 | Lair:6   | Reached ***** piety under Fedhas
 23502 | Lair:6   | Gained mutation: You are partially covered in sharp spines.
                  | [demonic ancestry]
 23502 | Lair:6   | Reached XP level 14. HP: 107/116 MP: 22/22
 23840 | Lair:6   | Reached skill level 10 in Polearms
 23922 | Lair:6   | Found a corrupted altar of Lugonu.
 23922 | Lair:6   | Found a one-way gate to the infinite horrors of the Abyss.
 24395 | D:11     | Found Rotogiru's Antique Weapon Shoppe.
 24416 | D:11     | Noticed Psyche
 24425 | D:11     | Killed Psyche
 24712 | D:11     | Found a staircase to the Orcish Mines.
 25596 | D:12     | Acquired a +1 crystal plate armour
 25699 | D:12     | Reached skill level 13 in Fighting
 26160 | D:12     | Found a flagged portal.
 26184 | Bailey   | Entered a bailey
 26189 | Bailey   | Noticed an orc warlord
 26372 | Bailey   | Killed an orc warlord
 26404 | Bailey   | Reached XP level 15. HP: 123/123 MP: 22/24
 26487 | Bailey   | Found a runed translucent gate.
 26489 | Bailey   | Found a runed translucent gate.
 26490 | Bailey   | Found a runed translucent gate.
 27771 | D:13     | Noticed Josephine
 27780 | D:12     | Killed Josephine
 27946 | D:13     | Found a gate to the Vaults.
 29206 | D:14     | Reached ****** piety under Fedhas
 29260 | D:14     | Gained mutation: You are mostly covered in sharp spines.
                  | [demonic ancestry]
 29260 | D:14     | Reached XP level 16. HP: 132/132 MP: 25/25
 29571 | D:14     | Found an iron altar of Okawaru.
 30045 | D:15     | Entered Level 15 of the Dungeon
 30360 | Orc:1    | Entered Level 1 of the Orcish Mines
 30594 | D:15     | Reached skill level 14 in Fighting
 31775 | D:15     | Found a staircase to the Depths.
 32067 | Spider:1 | Entered Level 1 of the Spider Nest
 32179 | Spider:1 | Noticed Asterion
 32320 | Spider:1 | Killed Asterion
 32321 | Spider:1 | Reached skill level 10 in Shields
 32963 | Spider:1 | Identified the +0 pair of gloves of the Journeyman {rF+
                  | Str+2}
 35027 | Spider:2 | Reached XP level 17. HP: 131/140 MP: 26/26
 35081 | Spider:3 | Found a frozen archway.
 35086 | Spider:3 | Noticed Arachne
 35099 | Spider:3 | Killed Arachne
 35107 | IceCv    | Entered an ice cave
 35179 | IceCv    | Reached skill level 15 in Fighting
 35929 | IceCv    | Noticed a shard shrike
 35940 | IceCv    | Killed a shard shrike
 35987 | IceCv    | Got Ireutuo's Almanac of Combat Magic
 36119 | IceCv    | Identified the +6 longbow of the Eternal Void {venom, rPois
                  | MP+9 Dex+4}
 37750 | Spider:4 | Entered Level 4 of the Spider Nest
 41601 | Spider:4 | Got a gossamer rune of Zot
 42328 | Orc:1    | Found Loepeot's Overcharged Wands.
 43060 | Orc:1    | Noticed Maurice
 43098 | Orc:1    | Killed Maurice
 43272 | Orc:1    | Noticed Harold
 43278 | Orc:1    | Killed Harold
 43279 | Orc:1    | Gained mutation: You punish those that try to bend your
                  | will. (Will+) [demonic ancestry]
 43279 | Orc:1    | Reached XP level 18. HP: 151/151 MP: 27/27
 43479 | Orc:2    | Entered Level 2 of the Orcish Mines
 43746 | Orc:2    | Paralysed by an orc sorcerer for 4 turns
 45323 | Orc:2    | Found a staircase to the Elven Halls.
 45377 | Orc:2    | Reached skill level 16 in Fighting
 45557 | Orc:2    | Found Lusmi's Jewellery Emporium.
 45632 | Orc:2    | Found Maf Quun's Antique Armour Emporium.
 45633 | Orc:2    | Found Cyptir's Antique Weapon Shoppe.
 45635 | Orc:2    | Found Moackuk's General Store.
 45635 | Orc:2    | Found Gauhubre's Book Emporium.
 45676 | Orc:2    | Acquired 1192 gold pieces
 45719 | Orc:2    | Bought the ring of Jealousy {rPois rC- Will+ Slay+3} for
                  | 627 gold pieces
 45719 | Orc:2    | Bought a +4 ring of slaying for 1170 gold pieces
 45920 | Shoals:1 | Entered Level 1 of the Shoals
 46865 | Shoals:1 | Found a runed translucent gate.
 46866 | Shoals:1 | Found a runed translucent gate.
 46867 | Shoals:1 | Found a runed translucent gate.
 49743 | Shoals:3 | Noticed Mlioglotl
 49760 | Shoals:3 | Noticed a hellephant
 49762 | Shoals:3 | Killed Mlioglotl
 49834 | Shoals:3 | Found a runed translucent door.
 50120 | Shoals:3 | Found Jehonn's Visitors' Centre.
 50120 | Shoals:3 | Found Jehonn's Merfolk Magic.
 50125 | Shoals:3 | Found Jehonn's Merfolk Armours.
 50125 | Shoals:3 | Found Jehonn's Merfolk Weapons.
 50152 | Shoals:3 | Bought the amulet of Sloth {Reflect Fragile rF- Slay+4 SH+5
                  | SInv} for 726 gold pieces
 50358 | Shoals:3 | Noticed Canup's ghost (adept DgEE)
 50441 | Shoals:4 | Entered Level 4 of the Shoals
 51865 | Shoals:4 | Reached skill level 15 in Shields
 52420 | Shoals:4 | Gained mutation: You are resistant to unholy torment.
                  | [demonic ancestry]
 52420 | Shoals:4 | Reached XP level 19. HP: 159/159 MP: 28/28
 52904 | Shoals:4 | Reached skill level 10 in Throwing
 53220 | Shoals:4 | Got a barnacled rune of Zot
 53480 | Shoals:4 | Identified the +15 crystal plate armour of the Flute {rN+}
 53520 | Shoals:4 | Reached skill level 17 in Fighting
 54425 | Vaults:1 | Entered Level 1 of the Vaults
 56424 | Vaults:1 | HP: 6/161 [crystal guardian/crystal bolt[a peacekeeper]
                  | (34)]
 57226 | Vaults:1 | Reached skill level 15 in Armour
 58940 | Vaults:2 | Found Ceidab's Weapon Boutique.
 60561 | Vaults:2 | Gained mutation: You are completely covered in sharp
                  | spines. [demonic ancestry]
 60561 | Vaults:2 | Reached XP level 20. HP: 170/170 MP: 30/30
 60630 | Vaults:2 | Found a staircase to the Crypt.
 63503 | Vaults:3 | Reached skill level 18 in Fighting
 64048 | Vaults:3 | Found Wodu's Distillery.
 64065 | Vaults:3 | Bought a potion of heal wounds for 100 gold pieces
 64065 | Vaults:3 | Bought a potion of might for 80 gold pieces
 66622 | Elf:1    | Entered Level 1 of the Elven Halls
 67255 | Elf:1    | Reached XP level 21. HP: 154/179 MP: 31/31
 67418 | Elf:1    | Reached skill level 19 in Fighting
 67574 | Elf:1    | Found Gulonanu's Armour Emporium.
 68686 | Elf:2    | Found a magical portal.
 68695 | WizLab   | Entered Maxwell's Workshop
 68872 | WizLab   | Found the +2 Maxwell's thermic engine {flame, freeze}
 68885 | WizLab   | Identified the ring "Gicid" {Fire +Blink rN+}
 68899 | WizLab   | Identified the +4 double sword "Dueqeahu" {flame, Str+2
                  | Int+2}
 69141 | WizLab   | Acquired the +18 shield of the Gong {rElec rN+ Will+ EV-5}
 69141 | WizLab   | Found the +18 shield of the Gong {rElec rN+ Will+ EV-5}
 69712 | WizLab   | Identified the +0 cloak "Dimef" {rElec Str-2 Stlth+}
 69951 | WizLab   | Identified the +5 short sword of Impermanence {freeze,
                  | rElec Str+5}
 70348 | Elf:2    | Found Ibo Wuakk's Book Emporium.
 70349 | Elf:2    | Found Supnahus's Jewellery Shop.
 70352 | Elf:2    | Found Tonotazao's Book Emporium.
 70602 | Elf:2    | Found a huge runed translucent gate.
 70602 | Elf:2    | Found a huge runed translucent gate.
 70602 | Elf:2    | Found a huge runed translucent gate.
 70602 | Elf:2    | Found a huge runed translucent gate.
 70602 | Elf:2    | Found a huge runed translucent gate.
 70665 | Elf:2    | Paralysed by an air elemental for 1 turns
 70861 | Elf:2    | Reached skill level 15 in Invocations
 71482 | Elf:3    | Entered Level 3 of the Elven Halls
 72676 | Elf:3    | Found Etanoesh's Armour Shoppe.
 72719 | Elf:3    | Found a runed translucent door.
 72719 | Elf:3    | Noticed Pual's ghost (veteran FoFi)
 72832 | Elf:3    | Identified the +1 robe "Forhomyllu" {rC+ Regen+ Dex+4}
 74191 | Elf:3    | Identified the +7 scythe "Quex" {vorpal, Contam rElec
                  | Str+6}
 74198 | Elf:3    | Identified the +1 leather armour of Zin's Outrage {Rampage
                  | rElec Will+ Str-3}
 74207 | Elf:3    | Identified the +0 buckler of Gluttony {rPois Str+8}
 74215 | Elf:3    | Identified the +8 glaive of Quick Death {pain, rN+ Dex+4}
 74215 | Elf:3    | Identified the +1 plate armour of an ossuary {Str+7}
 74215 | Elf:3    | Identified the ring "Tuv Leohezia" {rElec rF++ Will+ AC+4}
 74438 | Elf:3    | Reached XP level 22. HP: 180/190 MP: 33/33
 76013 | Elf:3    | Got the Guide on Vitriolic Companions
 76115 | Elf:3    | Identified the +7 arbalest of the Vulture {speed, Str+8}
 76431 | Depths:1 | Entered Level 1 of the Depths
 76431 | Depths:1 | Noticed a juggernaut
 76448 | Depths:1 | Killed a juggernaut
 76509 | Depths:1 | Reached skill level 20 in Fighting
 78194 | Depths:1 | Reached skill level 15 in Throwing
 78695 | Depths:1 | Found a runed translucent door.
 78769 | Depths:1 | Found a gateway to Hell.
 78840 | Depths:1 | Found Pajosch's Antique Weapon Boutique.
 81194 | Depths:2 | Found a runed translucent gate.
 81194 | Depths:2 | Found a runed translucent gate.
 81194 | Depths:2 | Found a runed translucent gate.
 81194 | Depths:2 | Noticed Onnuy's ghost (veteran DsBe)
 81196 | Depths:2 | Found a basalt altar of Yredelemnul.
 82106 | Depths:2 | Identified the amulet "Ecyuwnas" {RegenMP rPois Will++ MP+9
                  | Int+4}
 82106 | Depths:2 | Noticed the Enchantress
 82123 | Depths:2 | Killed the Enchantress
 82896 | Depths:2 | Found a one-way gate leading to the halls of Pandemonium.
 85229 | Depths:3 | Noticed a juggernaut
 85241 | Depths:3 | Killed a juggernaut
 85717 | Depths:3 | Noticed a juggernaut
 85729 | Depths:3 | Killed a juggernaut
 85730 | Depths:3 | Gained mutation: You are completely covered in molten
                  | scales. (AC +4, rF+) [demonic ancestry]
 85730 | Depths:3 | Reached XP level 23. HP: 198/198 MP: 35/35
 86762 | Depths:3 | Noticed a juggernaut
 86794 | Depths:3 | Killed a juggernaut
 87653 | Depths:3 | Found a sacrificial altar of Ru.
 88033 | Depths:3 | Found a gateway to a ziggurat.
 88123 | Depths:4 | Entered Level 4 of the Depths
 88601 | Depths:4 | Reached skill level 21 in Fighting
 88876 | Depths:4 | Noticed Mennas
 88897 | Depths:4 | Killed Mennas
 89051 | Depths:4 | Found an iron altar of Okawaru.
 89054 | Depths:4 | Found a shimmering altar of Xom.
 89183 | Depths:4 | Found a shadowy altar of Dithmenos.
 89501 | Depths:4 | Noticed a caustic shrike
 89513 | Depths:4 | Killed a caustic shrike
 90624 | Depths:4 | Found a gate to the Realm of Zot.
 91208 | Depths:4 | Noticed a caustic shrike
 91218 | Depths:4 | Killed a caustic shrike
 91775 | Depths:4 | Noticed a juggernaut
 91792 | Depths:4 | Killed a juggernaut
 91940 | Depths:4 | Noticed a juggernaut
 91954 | Depths:4 | Killed a juggernaut
 92320 | Depths:4 | Paralysed by a floating eye for 4 turns
 92341 | Depths:4 | Noticed a juggernaut
 92363 | Depths:4 | Killed a juggernaut
 92458 | Depths:4 | Identified the ring "Sochyrr" {MP+9 Str+3 Stlth+}
 92471 | Depths:4 | Noticed a caustic shrike
 92478 | Depths:4 | Killed a caustic shrike
 92479 | Depths:4 | Noticed a caustic shrike
 92486 | Depths:4 | Killed a caustic shrike
 92561 | Depths:4 | Identified the +10 plate armour of Pantheism {-Cast rN+++
                  | Regen+ Stlth-}
 92623 | Depths:4 | Paralysed by a floating eye for 2 turns
 92683 | Depths:4 | Noticed a caustic shrike
 92695 | Depths:4 | Killed a caustic shrike
 92784 | Depths:4 | Gained mutation: You can hurl damnation. [demonic ancestry]
 92784 | Depths:4 | Reached XP level 24. HP: 208/210 MP: 36/36
 93534 | Vaults:5 | Entered Level 5 of the Vaults
 93600 | Vaults:4 | Reached skill level 22 in Fighting
 95690 | Vaults:5 | Noticed Margery
 95696 | Vaults:5 | Killed Margery
 96724 | Vaults:5 | Identified the +1 chain mail of the Heavens {rCorr Str+3}
 97045 | Vaults:5 | Noticed an ancient lich
 97061 | Vaults:5 | Killed an ancient lich
 97350 | Vaults:5 | Identified the +1 pair of gloves of Baang {Will++ MP+9
                  | Str+3 Int-4}
 97357 | Vaults:5 | Identified the +1 leather armour "Hoacuth" {rF+ rN+ Dex-3
                  | Stlth+}
 97432 | Vaults:5 | Identified the ring of Ephemeral Luck {rElec rC+}
 97446 | Vaults:5 | Got the Catalogue of Blistering Curses
 97497 | Vaults:5 | Identified the +8 double sword of the Eight Bounties
                  | {vorpal, rN++ rCorr Str-5 Int+2}
 97657 | Vaults:5 | Got a silver rune of Zot
 98250 | Zot:1    | Entered Level 1 of the Realm of Zot
 99103 | Zot:1    | Upgraded the game from 0.28-a0-925-gd5e1996cdb to
                  | 0.28-a0-932-g843f935a50
100645 | Zot:1    | Noticed an orb of fire
100653 | Zot:1    | Gained mutation: You tend to lose your temper in combat.
                  | [an orb of fire]
100656 | Zot:1    | Gained mutation: You have hidden genetic defects. [an orb
                  | of fire]
100659 | Zot:1    | Killed an orb of fire
100665 | Zot:1    | Reached skill level 23 in Fighting
102412 | D:15     | Lost mutation: You tend to lose your temper in combat.
                  | [potion of mutation]
102412 | D:15     | Lost mutation: You have hidden genetic defects. [potion of
                  | mutation]
102412 | D:15     | Gained mutation: Your muscles are strong. (Str +2) [potion
                  | of mutation]
102412 | D:15     | Gained mutation: You are agile. (Dex +2) [potion of
                  | mutation]
103256 | Zot:2    | Gained mutation: Your demonic aura causes all spilled blood
                  | to erupt in flames. [demonic ancestry]
103256 | Zot:2    | Reached XP level 25. HP: 221/221 MP: 38/38
106380 | Zot:2    | Paralysed by you for 3 turns
106440 | Zot:2    | Identified the +8 scimitar of Zealous Guile {drain, Fragile
                  | Str-2 Int+9 Dex+2}
109946 | Zot:4    | Identified the +11 hand axe of Starshine {pain, Fragile
                  | rC++ rN+ Stlth+}
109969 | Zot:4    | Noticed an orb of fire
109977 | Zot:4    | Killed an orb of fire
110225 | Zot:4    | Noticed an orb of fire
110230 | Zot:4    | Killed an orb of fire
111733 | Zot:4    | Reached skill level 10 in Dodging
113060 | Zot:5    | Entered Level 5 of the Realm of Zot
113351 | Zot:5    | Identified the +8 broad axe "Globulus" {flame, rElec rF+}
113616 | Zot:5    | Noticed an orb of fire
113616 | Zot:5    | Lost mutation: Your muscles are strong. (Str +2) [an orb of
                  | fire]
113619 | Zot:5    | Gained mutation: Your body sometimes deteriorates upon
                  | taking damage. [an orb of fire]
113623 | Zot:5    | Killed an orb of fire
114564 | Zot:5    | Noticed a Killer Klown
114571 | Zot:5    | Killed a Killer Klown
114634 | Zot:5    | Noticed a Killer Klown
114642 | Zot:5    | Killed a Killer Klown
114643 | Zot:5    | Reached skill level 24 in Fighting
114835 | Zot:5    | Noticed a dread lich
114847 | Zot:5    | Killed a dread lich
115053 | Zot:5    | Noticed a Killer Klown
115070 | Zot:5    | Killed a Killer Klown
115339 | Zot:5    | Noticed a dread lich
115344 | Zot:5    | Killed a dread lich
115369 | Zot:5    | Reached XP level 26. HP: 224/231 MP: 38/38
115592 | Zot:5    | Noticed an orb of fire
115593 | Zot:5    | Gained mutation: You have hidden genetic defects. [an orb
                  | of fire]
115597 | Zot:5    | Gained mutation: You are weak. (Str -2) [an orb of fire]
115606 | Zot:5    | Gained mutation: Armour fits poorly on your strangely
                  | shaped body. [an orb of fire]
115607 | Zot:5    | Gained mutation: Your spells are a little easier to cast,
                  | but a little less powerful. [an orb of fire]
115608 | Zot:5    | Killed an orb of fire
116063 | Zot:5    | Noticed an orb of fire
116071 | Zot:5    | Gained mutation: You have terrible hidden genetic defects.
                  | [an orb of fire]
116072 | Zot:5    | Killed an orb of fire
116549 | Zot:5    | Noticed a juggernaut
116549 | Zot:5    | a Killer Klown changed into a juggernaut
116567 | Zot:5    | Killed a juggernaut
117132 | Zot:5    | Noticed a dread lich
117138 | Zot:5    | Killed a dread lich
117390 | Zot:5    | Noticed an orb of fire
117397 | Zot:5    | Killed an orb of fire
117433 | Zot:5    | Gained mutation: You are dopey. (Int -2) [hidden defects]
117552 | Depths:4 | Lost mutation: Your spells are a little easier to cast, but
                  | a little less powerful. [potion of mutation]
117552 | Depths:4 | Lost mutation: You are dopey. (Int -2) [potion of mutation]
117552 | Depths:4 | Lost mutation: You are weak. (Str -2) [potion of mutation]
117552 | Depths:4 | Gained mutation: You passively dampen the noise of your
                  | surroundings. [potion of mutation]
117553 | Depths:4 | Lost mutation: Armour fits poorly on your strangely shaped
                  | body. [potion of mutation]
117553 | Depths:4 | Lost mutation: You are agile. (Dex +2) [potion of mutation]
117553 | Depths:4 | Gained mutation: You passively map a small area around you.
                  | [potion of mutation]
117554 | Depths:4 | Lost mutation: Your body sometimes deteriorates upon taking
                  | damage. [potion of mutation]
117554 | Depths:4 | Lost mutation: You passively dampen the noise of your
                  | surroundings. [potion of mutation]
117554 | Depths:4 | Gained mutation: Your body sometimes deteriorates upon
                  | taking damage. [potion of mutation]
117554 | Depths:4 | Lost mutation: You have terrible hidden genetic defects.
                  | [potion of mutation]
117555 | Depths:4 | Lost mutation: You have hidden genetic defects. [potion of
                  | mutation]
117555 | Depths:4 | Lost mutation: Your body sometimes deteriorates upon taking
                  | damage. [potion of mutation]
117555 | Depths:4 | Lost mutation: You passively map a small area around you.
                  | [potion of mutation]
117555 | Depths:4 | Gained mutation: Your mind is acute. (Int +2) [potion of
                  | mutation]
117555 | Depths:4 | Gained mutation: Your magical capacity is low. (-10% MP)
                  | [potion of mutation]
117555 | Depths:4 | Gained mutation: You have hidden genetic potential. [potion
                  | of mutation]
117555 | Depths:4 | Gained mutation: You are strong-willed. (Will+) [potion of
                  | mutation]
117749 | Zot:5    | Noticed an ancient lich
117760 | Zot:5    | Killed an ancient lich
120335 | Crypt:1  | Entered Level 1 of the Crypt
122317 | D:2      | Killed Sigmund
123706 | Zot:5    | Got the Orb of Zot
123725 | Zot:5    | Noticed Zymeciov the pandemonium lord
123808 | Zot:3    | Noticed Inuaho the pandemonium lord
124120 | D:6      | Noticed Zaroojiuma the pandemonium lord
124251 | D:$      | Escaped with the Orb!

Illustrated notes

Levels and vault maps discovered:
D:1:      roderic_octagonal_star, layout_basic,
          nicolae_concentric_dashed_squares_wild
D:2:      layout_basic, small_statue_intersection, uniq_sigmund
D:3:      layout_loops_ring, shapermc_ecumenical_altar_acropolis, chequers_jeans
D:4:      layout_loops_corners, xom_butterflies, serial_co_window_serial,
          co_window_paths_a, co_window_of_opportunity_a, co_window_paths_a,
          co_window_of_opportunity_a, co_window_paths_b,
          co_window_unsneaky_path_e, co_window_2corner, co_window_corner_b,
          co_window_of_opportunity_c, co_window_paths_d, glass_columns_b,
          glass_columns_a, ebering_dispersal_statue_hall, minivault_1,
          uniq_duvessa
D:5:      layout_loops_corners, gammafunk_temple_overflow_elements,
          serial_shops, shop, uniq_edmund
D:6:      gammafunk_steamed_eel, layout_loops_ring, gammafunk_ghost_cemetery,
          nrook_loot_triangle, uniq_pikel
D:7:      layout_loops_ring, minmay_temple_entry_proselytizer, uniq_menkaure
D:8:      layout_basic, nicolae_sif_muna_little_library, dpeg_lair_monsters,
          nicolae_elemental_shop
D:9:      layout_loops_corners, dancing_weapons_uskayaw,
          mainiacjoe_overflow_alcove_1, nicolae_dithmenos_shadow_blocks,
          serial_shops, shop_coins, minmay_misc_feat_rugged,
          hangedman_decor_push
D:10:     layout_layer_cave, trog_three_pillars_becter
D:11:     layout_irregular_city, orc_0_dummy, serial_shops,
          nicolae_shop_hallway_stairs, uniq_psyche
D:12:     cheibrodos_tormentor_scu, layout_stronghold, enter_bailey_5,
          serial_column_ruins, column_ruins_circle_medium, column_ruins_grid_1,
          column_ruins_open_tiny_water, column_ruins_grid_1, column_ruins_grid_1
D:13:     layout_stronghold, erik_vaults_2, uniq_josephine
D:14:     layout_cave_pods, okawaru_gym_becter
D:15:     grunt_enter_depths_hoard, layout_basic
Temple:   eino_temple_water
Lair:1:   layout_long_grid, infiniplex_staircase_pool_2, serial_bayou_shore_b
Lair:2:   layout_gridlike, fungi_pond_lemuel, st_stairs_5
Lair:3:   layout_concentric_octagons, minmay_shoals_entry_beasts, uniq_urug
Lair:4:   layout_hall_layers, spider_nest_entry_a, uniq_nergalle
Lair:5:   minmay_guarded_unrand_snakebite, layout_cave_pods, slime_altar_1,
          lemuel_fruit_tree, uniq_sonja
Lair:6:   hellmonk_lair_end_abyssal_woods, layout_regular_city, basic_altar,
          infiniplex_staircase_pool, serial_bayou_shore_b, grunt_megastairs_2
Shoals:1: cheibrodos_shoals_satyrical_garden, layout_shoals,
          nicolae_shoals_beach_cooler
Shoals:2: nicolae_shoals_island_circles, layout_shoals,
          nicolae_shoals_beach_house_on_fowls_legs
Shoals:3: nicolae_shoals_mermall, layout_shoals, gammafunk_ghost_grave,
          uniq_mlioglotl
Shoals:4: shoals_end_hellmonk_lost_city
Spider:1: layout_spider_delve, uniq_asterion
Spider:2: layout_spider_delve, drop_trap, nicolae_spider_rock_and_or_roll
Spider:3: layout_spider_delve, portal_ice_cave_entry_pillars_three, uniq_arachne
Spider:4: spider_rune_water
Orc:1:    layout_caves, nicolae_shop_overcharged_wands, uniq_maurice,
          uniq_harold
Orc:2:    st_orc_congregation, layout_diamond_mine, serial_shops,
          shop_fountains, basic_altar, mines_bat_river
Elf:1:    elf_arrival_001, layout_gridlike, serial_shops, shop,
          minmay_elf_annihilation
Elf:2:    elven_hall_of_blades_hangedman_alternative
          [nooodl_blade_entry_preview], layout_gridlike, mu_enter_wizlab_3,
          kilobyte_rumbling_trees, minmay_shop_grove
Elf:3:    elf_hall, layout_loops_ring, serial_shops,
          nicolae_shop_advertising_works [nicolae_subvault_shop_adworks],
          special_room [special_room_mythical_zoo],
          ebering_ghost_reflecting_pool, hangedman_elf_power_crystal
Vaults:1: nicolae_vaults_little_ls, nicolae_vaults_angled_halls,
          hangedman_vaults_corner_blocks, vaults_room_door_hall,
          vaults_room_large_hall, hangedman_vaults_corner_blocks,
          hangedman_vaults_maws, nicolae_vaults_branching_niches,
          hangedman_vaults_cutoff, nicolae_vaults_angled_halls,
          layout_vaults_chaotic_city
Vaults:2: vaults_room_ringed_pool, vaults_mumra_minichess_inversion, v_misc_30,
          ontoclasm_vaults_ring_small, minmay_crypt_entry_simple_sparse,
          nicolae_vaults_circle_grid_b, vaults_room_pool, v_pattern_4,
          vaults_room_stairs_pillars, nicolae_vaults_three_branches,
          ontoclasm_vaults_loading_screen, v_misc_2, vaults_room_door_ring,
          layout_vaults_quadrants, serial_shops, nicolae_shop_hallway_plus
Vaults:3: nicolae_vaults_specimen_jars, nicolae_vaults_network_star,
          v_alt_pattern_3, hangedman_vaults_nodes, vaults_room_door_hall,
          v_misc_22, nicolae_vaults_network_quinsquares
          [nicolae_vaults_network_quincunx_subvault,
          nicolae_vaults_network_quincunx_subvault,
          nicolae_vaults_network_quincunx_subvault,
          nicolae_vaults_network_quincunx_subvault], hangedman_vaults_corner,
          vaults_dpeg_spiral, nicolae_vaults_little_squares_1, v_misc_19,
          nicolae_vaults_shelves_hall, v_misc_14, vaults_dpeg_encased_lava,
          layout_vaults_omnicross, serial_shops, nicolae_shop_stone
Vaults:4: vaults_mumra_lcd, nicolae_vaults_network_s,
          nicolae_vaults_network_periphery, grunt_vaults_bifocal, v_pattern_1,
          ontoclasm_vaults_ring_square, v_misc_19, ontoclasm_vaults_pinch,
          vaults_room_fours, ontoclasm_vaults_loading_screen, layout_vaults_ring
Vaults:5: uniq_margery
Crypt:1:  layout_basic, uniq_aizul
Depths:1: layout_forbidden_donut, hangedman_coc_ice_floe, serial_shops,
          nicolae_shop_overgrown_old_shop, kennysheep_treasure_room,
          hangedman_decor_cross_pass
Depths:2: dreamdust_experimentation, layout_small_grid, grunt_pan_entry_zigzag,
          hell_entry, nrook_mini_backslash, abyss_entry, serial_bayou_pond_e,
          nicolae_yredelemnul_ghost_church, uniq_enchantress
Depths:3: lemuel_traditional_vault, layout_cave_pools, enter_ziggurat_c,
          nicolae_ru_path_of_blood, abyss_entry, grunt_hell_entry_dis_grunt,
          serial_bayou_shore_b, infiniplex_staircase_river
Depths:4: hangedman_slaughterboxes, pan_entry, hell_entry, uniq_mennas
Zot:1:    layout_gridlike
Zot:2:    gammafunk_mikee_crab_dinner, layout_twisted_circle,
          nicolae_zot_crop_circle
Zot:3:    layout_basic
Zot:4:    lemuel_firehouse, layout_onion_interference
Zot:5:    layout_twisted_circle, grunt_ministairs_8

Skill      XL: |  1  2  3  4  5  6  7  8  9 10 11 12 13 14 15 16 17 18 19 20 21 22 23 24 25 26 |
---------------+-------------------------------------------------------------------------------+-----
Dodging        | 3 4 5 6 7 8 9 10 | 10.0
Armour         | 1 2 3 4 5 6 7 8 9 11 12 13 14 15 16 17 18 19 20 21 22 | 22.1
Throwing       | 2 3 4 5 6 7 8 9 11 13 14 16 17 18 | 18.7
Fighting       | 3 4 5 6 7 8 9 11 12 13 14 15 16 17 18 19 20 21 23 24 | 24.6
Polearms       | 2 4 6 7 9 10 11 12 13 14 | 14.0
Invocations    | 1 5 7 10 11 12 13 14 15 17 19 22 | 22.9
Shields        | 2 4 6 8 11 13 15 | 15.0
Long Blades    | |  2.6
Crossbows      | |  0.3

Action                   |  1- 3 |  4- 6 |  7- 9 | 10-12 | 13-15 | 16-18 | 19-21 | 22-24 | 25-27 || total
-------------------------+-------+-------+-------+-------+-------+-------+-------+-------+-------++-------
Melee: Long sword        |    32 |       |       |       |       |       |       |       |       ||    32
       Short sword       |    84 |   185 |   187 |       |       |       |       |       |       ||   456
       Tailslap          |       |    22 |    47 |   117 |   105 |   179 |   120 |   306 |    78 ||   974
       Spear             |       |       |   152 |   549 |       |       |       |       |       ||   701
       Demon trident     |       |       |       |    77 |   564 |  1094 |   629 |  1205 |   377 ||  3946
Throw: Dart              |       |    22 |    55 |   104 |    55 |    30 |     2 |   304 |       ||   572
       Boomerang         |       |       |     2 |     1 |    11 |   652 |   903 |   320 |   506 ||  2395
       Throwing net      |       |       |       |     3 |       |       |       |       |       ||     3
       Javelin           |       |       |       |    16 |    26 |    59 |    39 |    71 |    33 ||   244
Invok: Grow Ballistomyce |       |       |       |     1 |     2 |     1 |       |     1 |       ||     5
       Wall of Briars    |       |       |       |     1 |     1 |       |       |       |       ||     2
       Overgrow          |       |       |       |       |     2 |     4 |       |     4 |     3 ||    13
       Grow Oklob        |       |       |       |       |       |     5 |     2 |     4 |     3 ||    14
 Abil: Hurl Damnation    |       |       |       |       |       |       |       |     1 |     1 ||     2
Evoke: Wand              |       |       |       |     1 |       |     3 |     1 |     1 |     1 ||     7
       Phantom mirror    |       |       |       |       |       |     1 |       |       |       ||     1
  Use: Scroll            |       |     3 |    10 |    12 |    11 |     3 |     6 |     4 |     6 ||    55
       Potion            |       |       |       |       |     2 |     9 |     3 |     5 |     8 ||    27
 Stab: Sleeping          |     1 |       |       |       |       |       |       |       |       ||     1
       Held in net/web   |       |       |       |     3 |       |       |       |       |       ||     3
       Confused          |       |       |       |     1 |       |       |       |       |       ||     1
       Distracted        |       |       |       |       |       |     2 |     1 |     3 |     1 ||     7
       Invisible         |       |       |       |       |       |       |       |     1 |       ||     1
Armor: Leather armour    |    22 |       |       |       |       |       |       |       |       ||    22
       Scale mail        |     2 |    68 |   111 |   174 |       |       |       |       |       ||   355
       Ring mail         |       |       |       |    29 |    97 |       |       |       |       ||   126
       Crystal plate arm |       |       |       |       |    86 |   524 |   179 |   248 |    77 ||  1114
Dodge: Dodged            |    45 |    60 |   153 |   195 |   134 |   295 |    95 |    76 |    18 ||  1071
Block: Other             |       |       |    17 |    22 |       |       |    48 |       |       ||    87
       Buckler           |       |       |       |   168 |   136 |       |       |       |       ||   304
       Reflection        |       |       |       |     3 |    29 |    80 |    75 |    42 |    10 ||   239
       Tower shield      |       |       |       |       |   111 |       |       |       |       ||   111
       Kite shield       |       |       |       |       |    16 |   924 |   119 |   861 |   227 ||  2147

Table legend: (Time is in decaauts)
 A = Elapsed time spent in this place.
 B = Non-inter-level travel time spent in this place.
 C = Inter-level travel time spent in this place.
 D = Time resting spent in this place.
 E = Time spent auto-exploring this place.
 F = Levels seen in this place.
 G = Mean time per level.
                   A        B        C        D        E       F      G
               +--------+--------+--------+--------+--------+-----+--------+
         Total | 122730 | 110118 |  12612 |  54741 |  34372 |  53 | 2315.7 |
       Dungeon |  26967 |  21864 |   5103 |   5292 |  12614 |  15 | 1797.8 |
        Temple |     90 |     74 |     16 |      0 |     57 |   1 |   90.0 |
          Lair |   9676 |   8113 |   1563 |   2478 |   4297 |   6 | 1612.7 |
        Shoals |   7971 |   7637 |    334 |   4912 |   1588 |   4 | 1992.8 |
   Spider Nest |   7816 |   7400 |    416 |   4046 |   2057 |   4 | 1954.0 |
  Orcish Mines |   3810 |   3562 |    248 |   1897 |    904 |   2 | 1905.0 |
   Elven Halls |   8115 |   7657 |    458 |   4661 |   1368 |   3 | 2705.0 |
        Vaults |  16686 |  15332 |   1354 |   7828 |   4206 |   5 | 3337.2 |
         Crypt |    358 |    358 |      0 |    276 |      0 |   1 |  358.0 |
        Depths |  18348 |  16426 |   1922 |  11460 |   1651 |   4 | 4587.0 |
           Zot |  19928 |  18733 |   1195 |  10501 |   5211 |   5 | 3985.6 |
        Bailey |    417 |    417 |      0 |    116 |    108 |   1 |  417.0 |
      Ice Cave |   1253 |   1253 |      0 |    510 |    294 |   1 | 1253.0 |
        Wizlab |   1289 |   1289 |      0 |    761 |     15 |   1 | 1289.0 |
               +--------+--------+--------+--------+--------+-----+--------+

Top non-repeatable levels by time:
   Zot:5: 6691 daAuts
Depths:4: 5935 daAuts
Depths:2: 5000 daAuts
Vaults:1: 4740 daAuts
   Elf:3: 4447 daAuts
Depths:3: 4032 daAuts
Spider:4: 3620 daAuts
Vaults:4: 3584 daAuts
Vaults:2: 3487 daAuts
   Zot:2: 3439 daAuts
   Zot:1: 3413 daAuts
Depths:1: 3380 daAuts
   Zot:3: 3279 daAuts
   Zot:4: 3105 daAuts
     D:4: 2957 daAuts
